 Dungeon Crawl Stone Soup version 0.23-a0-61-g4bf3f6c (webtiles) character file.

2484 Amnesiac the Destroyer (level 9, -10/57 HPs)
             Began as a Mummy Conjurer on Aug 9, 2018.
             Mangled by an ice beast (14 damage)
             ... on level 7 of the Dungeon.
             The game lasted 00:07:23 (5709 turns).

Amnesiac the Destroyer (Mummy Conjurer)             Turns: 5709, Time: 00:07:23

Health: -10/57     AC:  7    Str: 11    XL:     9   Next: 27%
Magic:  0/22       EV: 12    Int: 33    God:
Gold:   232        SH:  0    Dex: 12    Spells: 9/26 levels left

rFire    x x .     SeeInvis .   a - +1 dagger (venom)
rCold    . . .     Gourm    .   (no shield)
rNeg     + + +     Faith    .   w - +2 robe
rPois    ∞         Spirit   +   (no helmet)
rElec    .         Reflect  .   k - +0 cloak "Iloj" {rF- rC- rN+ Int+10} (curse)
rCorr    .         Harm     .   q - +0 pair of gloves
MR       +....                  l - +0 pair of boots
Stlth    ++........             j - amulet of guardian spirit
HPRegen  0.19/turn              c - +5 ring of intelligence
MPRegen  0.18/turn              (no ring)

@: no status effects
A: no food or potions, fire vulnerability, cold resistance 1, negative energy
resistance 3, torment resistance, unbreathing
a: no special abilities


You were on level 7 of the Dungeon.
You were not hungry.

You visited 1 branch of the dungeon, and saw 7 of its levels.

You collected 260 gold pieces.
You spent 28 gold pieces at shops.

Inventory:

Hand Weapons
 a - a +1 dagger of venom (weapon)
 b - a +0 flail of protection
 t - a +0 falchion
 v - a +2 whip of electrocution
 x - a +3 dagger of venom
Armour
 k - the cursed +0 cloak "Iloj" (worn) {rF- rC- rN+ Int+10}
   (You found it on level 6 of the Dungeon)

   It affects your intelligence (+10).
   It makes you vulnerable to fire.
   It makes you vulnerable to cold.
   It protects you from negative energy.
   It has a curse placed upon it.
 l - a +0 pair of boots (worn)
 q - a +0 pair of gloves (worn)
 w - a +2 robe (worn)
Jewellery
 c - a +5 ring of intelligence (left hand)
 j - an amulet of guardian spirit (around neck)
 n - an uncursed ring of fire
 u - an uncursed ring of fire
Scrolls
 d - a scroll of blinking {!r, unknown}
 e - 6 scrolls of remove curse {!r, unknown}
 f - 3 scrolls of fear {!r, unknown}
 g - 2 scrolls of enchant armour {!r, unknown}
 h - a scroll of teleportation {!r, unknown}
 i - 2 scrolls of immolation {!r, unknown}
 m - 7 scrolls of identify {!r}
 o - a scroll of enchant weapon {!r, unknown}
 p - 2 scrolls of fog {!r, unknown}
 r - 2 scrolls of magic mapping {!r, unknown}


   Skills:
 - Level 1.5 Dodging
 - Level 1.5 Stealth
 + Level 9.2 Spellcasting
 * Level 9.2 Conjurations


You had 9 spell levels left.
You knew the following spells:

 Your Spells              Type           Power        Failure   Level  Hunger
a - Iskenderun's Mystic   Conj           ######..     1%          4    N/A
b - Searing Ray           Conj           ######       1%          2    N/A
c - Dazzling Spray        Conj/Hex       #####.       1%          3    N/A
e - Force Lance           Conj/Tloc      #####...     4%          4    N/A
f - Fulminant Prism       Conj/Hex       #####.....   4%          4    N/A

Your spell library contained the following spells:

 Spells                   Type           Power        Failure   Level  Hunger
 Magic Dart               Conj           ####         1%          1    N/A

Dungeon Overview and Level Annotations

Branches:
Dungeon (7/15)
 Temple: D:4-7

Altars:

Shops:
D:4 *


Innate Abilities, Weirdness & Mutations

You do not eat or drink.
Your flesh is vulnerable to fire.
You are immune to poison.
Your flesh is cold resistant. (rC+)
You are immune to negative energy. (rN+++)
You are immune to unholy pain and torment.
You can survive without breathing.


Message History

The ice beast hits you. The ice beast freezes you!
Casting: Iskenderun's Mystic Blast (safe; 1% risk of failure)
Confirm with . or Enter, or press ? or * to list all spells.
You don't have enough magic to cast that spell.
Casting: Iskenderun's Mystic Blast (safe; 1% risk of failure)
Confirm with . or Enter, or press ? or * to list all spells.
You don't have enough magic to cast that spell.
Found 14 gold pieces.
Casting: Iskenderun's Mystic Blast (safe; 1% risk of failure)
Confirm with . or Enter, or press ? or * to list all spells.
You don't have enough magic to cast that spell.
Casting: Iskenderun's Mystic Blast (safe; 1% risk of failure)
Confirm with . or Enter, or press ? or * to list all spells.
Aiming: Iskenderun's Mystic Blast (safe; 1% risk of failure)
Press: ? - help, Shift-Dir - straight line, f - ice beast
Aim: an ice beast The orb of energy hits the ice beast.
The ice beast is severely wounded.
The orb of energy explodes!
You hear a shout! x2
The ice beast hits you. The ice beast freezes you.
You aren't carrying any items that you can evoke.
You see here 14 gold pieces.
You now have 232 gold pieces (gained 14).
The ice beast barely misses you.
An adder comes into view.
The adder hisses angrily.
You barely miss the adder. The adder barely misses you.
The ice beast hits you but does no damage.
The adder closely misses you.
You hit the adder.
The adder is poisoned.
The adder is moderately wounded.
The ice beast hits you but does no damage.
The adder misses you.
You hit the adder.
The adder looks as sick as possible!
The adder is almost dead.
You kill the adder!
The ice beast hits you but does no damage.
Found a grey potion.
An orc comes into view. It is wielding a whip.
Found a scroll of identify.
An iguana and an orc priest come into view.
The orc shouts!
The orc priest shouts!
You hear a shout!
An orc wizard comes into view. It is wielding a dagger.
The iguana hisses angrily.
The orc wizard shouts! x2; You hear a shout!
The orc priest calls down the wrath of Beogh upon you.
Beogh smites you!
* * * LOW HITPOINT WARNING * * *
You aren't carrying any items that you can evoke.
The orc priest invokes the aid of Beogh against you.
Beogh smites you!
* * * LOW HITPOINT WARNING * * *
Really read
s - a scroll labeled QUFA IREAFO {!r}?
As you read the scroll labeled QUFA IREAFO {!r}, it crumbles to dust.
It is a scroll of amnesia.
Your memory of Magic Dart unravels.
The orc priest invokes the aid of Beogh against you.
Beogh smites you!
* * * LOW HITPOINT WARNING * * *
The orc barely misses you. The ice beast hits you.
* * * LOW HITPOINT WARNING * * *
The ice beast freezes you!
You die...

##.## ..##............#
#.o.# #o.#.#..........#.
#.#.# #...#.##?.....##.#
#..O# #..o.# .#....#.##.
###.#
##o...#.#.#.o#.#.#.
#o####.!....#.##.o##.#..
#...O..ol.?..## #...
#.####Yo....... .....
#.# #.@....... ..?.. ..#
##......## ####
#.....#.# #....#.#
#....# .# #...#. .
#..#.#. ...##...


You could see an ice beast, an ogre, an iguana, an orc priest, 2 orc wizards and
2 orcs.

Vanquished Creatures
  Pikel (D:6)
  A hungry ghost (D:7)
  Menkaure (D:5)
  Edmund (D:4)
  A sky beast (D:5)
  An ice beast (D:5)
  3 ogres (D:5)
  2 centaurs (D:6)
  3 big kobolds
  A wyvern skeleton (D:6)
  2 scorpions
  A crimson imp (D:5)
  A centaur zombie (D:6)
  A hound (D:5)
  2 orc priests
  2 bullfrog skeletons (D:4)
  A jelly (D:5)
  4 iguanas
  6 worker ants
  An orc wizard (D:6)
  4 gnolls (D:6)
  6 adders
  A shadow imp (D:6)
  2 worms
  A dart slug (D:1)
  A leopard gecko (D:3)
  7 orcs
  5 bats
  3 giant cockroaches
  11 goblins
  6 hobgoblins
  6 jackals
  15 kobolds
  A quokka (D:5)
  2 ball pythons
  3 frilled lizards
  A jackal zombie (D:5)
  2 leopard gecko skeletons
  3 rats
116 creatures vanquished.

Vanquished Creatures (others)
  2 slaves (D:6)
  2 adders (D:6)
  2 kobolds (D:6)
6 creatures vanquished.

Grand Total: 122 creatures vanquished

Notes
Turn   | Place    | Note
-------+----------+-------------------------------------------
     0 | D:1      | Amnesiac the Mummy Conjurer began the quest for the Orb.
     0 | D:1      | Reached XP level 1. HP: 13/13 MP: 4/4
   157 | D:1      | Reached XP level 2. HP: 12/19 MP: 0/6
   161 | D:1      | Learned a level 2 spell: Searing Ray
   914 | D:2      | Reached XP level 3. HP: 24/24 MP: 4/8
  1250 | D:3      | Noticed a big kobold
  1277 | D:3      | Killed a big kobold
  1277 | D:3      | Reached XP level 4. HP: 14/30 MP: 0/10
  1478 | D:3      | Learned a level 4 spell: Iskenderun's Mystic Blast
  1503 | D:3      | Reached XP level 5. HP: 28/35 MP: 9/11
  1802 | D:4      | Found Ceuming's General Store.
  1807 | D:4      | Bought a scroll of identify for 28 gold pieces
  1853 | D:4      | Reached skill level 5 in Conjurations
  2014 | D:4      | Reached skill level 5 in Spellcasting
  2065 | D:5      | Entered Level 5 of the Dungeon
  2065 | D:5      | Noticed Edmund
  2212 | D:4      | Reached XP level 6. HP: 35/41 MP: 3/13
  2697 | D:4      | Killed Edmund
  2792 | D:5      | Noticed an ice beast
  2802 | D:5      | Killed an ice beast
  2802 | D:5      | Reached XP level 7. HP: 46/46 MP: 2/16
  3584 | D:5      | Noticed Menkaure
  3590 | D:5      | Killed Menkaure
  3800 | D:5      | Reached XP level 8. HP: 45/52 MP: 4/18
  4272 | D:6      | Noticed Pikel
  4292 | D:6      | Killed Pikel
  4939 | D:6      | Learned a level 3 spell: Dazzling Spray
  4944 | D:6      | Learned a level 4 spell: Force Lance
  4949 | D:6      | Learned a level 4 spell: Fulminant Prism
  5012 | D:6      | Reached XP level 9. HP: 57/57 MP: 1/21
  5176 | D:6      | Got an ichor-stained cloak
  5186 | D:6      | Identified the cursed +0 cloak "Iloj" {rF- rC- rN+ Int+10} (You found it on level 6 of the Dungeon)
  5709 | D:7      | Mangled by an ice beast

Vault maps used:
D:1:      minmay_arrival_three_doors, minmay_split_cup_small
D:2:      grunt_temple_overflow_open, lemuel_round_altar, uniq_natasha,
          uniq_crazy_yiuf_cottage
D:4:      serial_shops, shop, first_ration, minmay_goblin_outpost
D:5:      uniq_edmund, uniq_menkaure
D:6:      cheibrodos_thug_alley, grunt_ministairs_2, uniq_pikel
D:7:      temple_statues, serial_shops, shop, minmay_misc_feat_secret_circle

Skill      XL: |  1  2  3  4  5  6  7  8  9 |
---------------+----------------------------+-----
Spellcasting   | 3 4 5 6 7 8 9 |  9.2
Conjurations   | 4 5 6 7 8 9 |  9.2
Dodging        | |  1.5
Stealth        | |  1.5

Action                   |  1- 3 |  4- 6 |  7- 9 || total
-------------------------+-------+-------+-------++-------
Melee: Unarmed           |     7 |       |       ||     7
       Dagger            |    12 |    67 |    79 ||   158
 Cast: Magic Dart        |    64 |    30 |    45 ||   139
       Iskenderun's Myst |       |    11 |    58 ||    69
  Use: Scroll            |       |       |     1 ||     1
Armor: Robe              |     1 |       |    11 ||    12
       Ring mail         |     1 |    25 |    28 ||    54
Dodge: Dodged            |    14 |    35 |    56 ||   105

Table legend:
 A = Non-vault XP
 B = Vault XP
 C = Vault XP percentage of total XP
 D = Non-vault monster count
 E = Vault monster count
 F = Vault count percentage of total count
 G = Total turns spent on level
                 A         B        C        D         E       F
            +---------+---------+-------+---------+---------+-------
      Total |    2133 |    1416 |  39.9 |      93 |      23 |  19.8
            +---------+---------+-------+---------+---------+-------
        D:1 |      34 |       5 |  12.8 |      19 |       3 |  13.6
        D:2 |      24 |       0 |   0.0 |       8 |       0 |   0.0
        D:3 |     161 |       0 |   0.0 |      10 |       0 |   0.0
        D:4 |     202 |     170 |  45.7 |      12 |       9 |  42.9
        D:5 |     906 |     183 |  16.8 |      20 |       1 |   4.8
        D:6 |     518 |    1058 |  67.1 |      20 |      10 |  33.3
        D:7 |     288 |       0 |   0.0 |       4 |       0 |   0.0
            +---------+---------+-------+---------+---------+-------
